 Dungeon Sprint DCSS version 0.27-a0-385-g3208abaabc (webtiles) character file.

Game seed: 18438800217786489931

19495 mhtbhm the Severer (level 12, -15/187 HPs)
             Began as a Minotaur Fighter on Feb 20, 2021.
             Was the Champion of Trog.
             Demolished by Donald
             ... wielding a +6 long sword of holy wrath
              (24 damage)
             ... in the Dungeon (Sprint VII: "The Pits").
             The game lasted 00:04:25 (2194 turns).

mhtbhm the Severer (Minotaur Fighter)               Turns: 2194, Time: 00:04:26

Health: -15/187    AC: 21    Str: 27    XL:     12   Next: 37%
Magic:  1/11       EV: 15    Int:  5    God:    Trog [******]
Gold:   93         SH: 15    Dex: 12    Spells: 11/11 levels left

rFire    + . .     SeeInvis .   t - +4 broad axe of the Dwarven Hall {flame, +Rage rC- rN++ Dex+3}
rCold    x . .     Faith    .   c - +0 kite shield
rNeg     + + .     Spirit   .   b - +4 chain mail
rPois    .         Reflect  .   (helmet restricted)
rElec    .         Harm     .   q - +0 cloak
rCorr    .         Rampage  .   r - +0 pair of gloves
Will     .....     NoTele   +   (no boots)
Stlth    ..........             (no amulet)
HPRegen  0.41/turn              x - ring of protection from fire
MPRegen  0.12/turn              n - +3 ring of evasion

@: berserking, slowed
A: retaliatory headbutt, horns 2
a: Renounce Religion, Evoke Berserk Rage, Berserk, Trog's Hand, Brothers in Arms


You were in the Dungeon.
You worshipped Trog.
Trog was exalted by your worship.
You visited 1 branch You collected 93 gold pieces.

Inventory:

Hand Weapons
 a - the +8 mithril axe "Arga" {speed, Will+}
   (Trog gifted it to you in the Dungeon)

   Attacks with this weapon are significantly faster.
   It affects your willpower, your defense against some magical effects.
 s - a +6 vorpal broad axe
 t - the +4 broad axe of the Dwarven Hall (weapon) {flame, +Rage rC- rN++ Dex+3}
   (Trog gifted it to you in the Dungeon)

   It has been specially enchanted to burn those struck by it, causing extra
   injury to most foes and up to half again as much damage against particularly
   susceptible opponents.
   Big, fiery blades are also staple armaments of hydra-hunters.
   It affects your dexterity (+3).
   It makes you vulnerable to cold.
   It greatly protects you from negative energy.
   It lets you go berserk.
 u - a +2 broad axe
Armour
 b - a +4 chain mail (worn)
 c - a +0 kite shield (worn)
 q - a +0 cloak (worn)
 r - a +0 pair of gloves (worn)
Jewellery
 n - a +3 ring of evasion (right hand)
 x - a ring of protection from fire (left hand)
 C - a ring of see invisible
Wands
 v - a wand of flame (11)
 D - a wand of acid (3)
Scrolls
 j - 2 scrolls of blinking
 l - 2 scrolls of summoning
 y - 4 scrolls of fog
 z - 4 scrolls of enchant weapon
 A - a scroll of fear
 B - 2 scrolls of enchant armour
Potions
 d - a potion of might
 e - 11 potions of curing
 f - 11 potions of heal wounds
 g - 3 potions of haste
 h - 4 potions of magic
 i - 4 potions of berserk rage
 k - 2 potions of invisibility
 o - 3 potions of resistance
 p - 2 potions of mutation
 w - a potion of lignification {unknown}


   Skills:
 + Level 17.3 Fighting
 + Level 20.3 Axes
 + Level 16.4 Armour
 + Level 6.7 Dodging
 + Level 2.9 Stealth
 + Level 17.8 Shields


You had 11 spell levels left.
You didn't know any spells.
Your spell library was empty.

Dungeon Overview and Level Annotations

Branches:
Dungeon (1/1)

Altars:
Ashenzari
Cheibriados
Dithmenos
Elyvilon
Fedhas
Gozag
Hepliaklqana
Kikubaaqudgha
Makhleb
Nemelex Xobeh
Okawaru
Qazlal
Ru
Sif Muna
Trog
Uskayaw
Vehumet
Wu Jian
Xom
Yredelemnul
Zin
The Shining One
Beogh
Jiyva
Lugonu

Annotations:
D Donald


Innate Abilities, Weirdness & Mutations

You reflexively headbutt those who attack you in melee.
You have a pair of horns on your head.


Message History

You slash something! You slash the storm dragon! You burn the storm dragon!
Something hits you! x2
You closely miss the storm dragon.
The storm dragon is moderately wounded.
You slash something!
You feel the power of Trog in you as your rage grows.
Trog accepts your kill.
Reactivating autopickup.
You feel a bit more experienced. The storm dragon misses you.
The storm dragon closely misses you. You block the storm dragon's attack.
You block something's attack.
Deactivating autopickup; reactivate with Ctrl-A.
Your Axes skill increases to level 20!
Unknown command.
You slash the storm dragon! You burn the storm dragon.
You headbutt the storm dragon!
The storm dragon is heavily wounded.
You slash something! You burn something.
The storm dragon breathes lightning at you.
The bolt of lightning hits you!!
* * * LOW HITPOINT WARNING * * *
You block something's attack. Something hits you!
* * * LOW HITPOINT WARNING * * *
You slice the storm dragon!! You burn the storm dragon!
You headbutt the storm dragon!
You kill the storm dragon!
Trog accepts your kill. Something appears at your feet!
Trog grants you a weapon! Something blocks your attack. Something hits you!!
* * * LOW HITPOINT WARNING * * *
Something hits you!
* * * LOW HITPOINT WARNING * * *
Your Fighting skill increases to level 17!
You chop one of the six-headed hydra's heads off!
The flame cauterises the wound!
You hit the five-headed hydra. You burn the five-headed hydra.
The five-headed hydra is lightly wounded.
Something blocks your attack. Something hits you!!
You die...

##############..#....#..#
............''..........#
............''..........#
##########..##..#....#..#
#..##..........+ #..##..........+
#..####''####++#
#..####''####++#########
#..##..@...##....÷......
##########..##.#D##.##....÷÷.....
............##.#Z{ .##..#########
............## '|:# ##..#
#''########## #).+ #..#
#''########## +.[# #..#
........##..# ##+# #..#
.#......##..# #..# ........''..#
#))#


You could see a five-headed hydra and an adder simulacrum.

Vanquished Creatures
  A pearl dragon (D)
  A death cob (D)
  A storm dragon (D)
  A nagaraja (D)
  A lorocyproca (D)
  An eidolon (D)
  A hydra (D)
  A boulder beetle (D)
  A merfolk avatar (D)
  A shadow wraith (D)
  A phantasmal warrior (D)
  A lindwurm (D)
  A deep elf zephyrmancer (D)
  Maurice (D)
  An orange demon (D)
  A molten gargoyle (D)
  A yaktaur (D)
  2 freezing wraiths (D)
  A komodo dragon (D)
  A jumping spider (D)
  A hornet (D)
  2 trolls (D)
  A snapping turtle (D)
  6 dream sheep (D)
  2 redbacks (D)
  A wyvern (D)
  3 spriggans (D)
  A wraith (D)
  A tarantella (D)
  A steam dragon (D)
  A basilisk (D)
  A neqoxec (D)
  2 vampire mosquitoes (D)
  2 wargs (D)
  A soldier ant (D)
  2 floating eyes (D)
  An ice beast (D)
  A black bear (D)
  4 wolves (D)
  A bullfrog (D)
  A scorpion (D)
  5 wights (D)
  A hound (D)
  An orc priest (D)
  An iron imp (D)
  2 iguanas (D)
  An orc wizard (D)
  A worker ant (D)
  A gnoll (D)
  2 adders (D)
  A white imp (D)
  A worm (D)
  2 leopard geckos (D)
  2 orcs (D)
  A bat skeleton (D)
  2 goblins (D)
  5 jackals (D)
  A kobold (D)
  2 ball pythons (D)
  3 bats (D)
  A leopard gecko skeleton (D)
  A rat (D)
94 creatures vanquished.

Vanquished Creatures (others)
  An orc (D)
  A quokka (D)
  A ball python (D)
3 creatures vanquished.

Grand Total: 97 creatures vanquished

Notes
Turn   | Place    | Note
-------+----------+-------------------------------------------
     0 | D        | mhtbhm the Minotaur Fighter began the quest for the Orb.
     0 | D        | Reached XP level 1. HP: 19/19 MP: 0/0
    21 | D        | Found a bloodstained altar of Trog.
    21 | D        | Found a shimmering blue altar of Sif Muna.
    21 | D        | Found a viscous altar of Jiyva.
    21 | D        | Found a hazy altar of Hepliaklqana.
    21 | D        | Found an opulent altar of Gozag.
    22 | D        | Found a glowing golden altar of the Shining One.
    22 | D        | Found a glowing silver altar of Zin.
    22 | D        | Found a basalt altar of Yredelemnul.
    22 | D        | Found a shimmering altar of Xom.
    22 | D        | Found an ornate altar of the Wu Jian Council.
    22 | D        | Found a sacrificial altar of Ru.
    22 | D        | Found a stormy altar of Qazlal.
    22 | D        | Found an iron altar of Okawaru.
    22 | D        | Found a sparkling altar of Nemelex Xobeh.
    22 | D        | Found a burning altar of Makhleb.
    22 | D        | Found a blossoming altar of Fedhas.
    22 | D        | Found a white marble altar of Elyvilon.
    22 | D        | Found a shadowy altar of Dithmenos.
    22 | D        | Found a snail-covered altar of Cheibriados.
    25 | D        | Found a corrupted altar of Lugonu.
    25 | D        | Found a radiant altar of Vehumet.
    25 | D        | Found a roughly hewn altar of Beogh.
    26 | D        | Became a worshipper of Trog the Wrathful
    79 | D        | Noticed a worker ant
    82 | D        | Reached * piety under Trog
    83 | D        | Reached XP level 2. HP: 28/28 MP: 1/1
    93 | D        | Reached skill level 5 in Fighting
    93 | D        | Reached skill level 3 in Axes
    93 | D        | Reached skill level 5 in Armour
    93 | D        | Reached skill level 5 in Shields
    93 | D        | Reached XP level 3. HP: 14/36 MP: 2/2
    97 | D        | Noticed a floating eye
   103 | D        | Killed a floating eye
   103 | D        | Reached ** piety under Trog
   104 | D        | Reached skill level 4 in Axes
   104 | D        | Reached skill level 1 in Dodging
   104 | D        | Reached XP level 4. HP: 22/45 MP: 3/3
   104 | D        | Reached XP level 5. HP: 25/51 MP: 4/4
   347 | D        | Noticed a floating eye
   347 | D        | Noticed a warg
   350 | D        | Paralysed by a floating eye for 2 turns
   353 | D        | Killed a floating eye
   354 | D        | Reached skill level 5 in Axes
   354 | D        | Reached XP level 6. HP: 61/61 MP: 5/5
   357 | D        | Killed a warg
   357 | D        | Reached *** piety under Trog
   358 | D        | Reached skill level 6 in Axes
   358 | D        | Reached skill level 10 in Armour
   358 | D        | Reached skill level 10 in Shields
   371 | D        | Reached **** piety under Trog
   406 | D        | Reached ***** piety under Trog
   433 | D        | Reached XP level 7. HP: 47/70 MP: 6/6
   539 | D        | Noticed a deep elf zephyrmancer
   547 | D        | Received a gift from Trog
   548 | D        | Reached skill level 7 in Axes
   551 | D        | Killed a deep elf zephyrmancer
   552 | D        | Reached skill level 10 in Fighting
   552 | D        | Reached skill level 9 in Axes
   552 | D        | Reached XP level 8. HP: 62/80 MP: 7/7
   668 | D        | Found a hide-covered altar of Uskayaw.
   668 | D        | Found an ancient bone altar of Kikubaaqudgha.
   668 | D        | Found a broken altar of Ashenzari.
   695 | D        | Noticed a troll
   700 | D        | Killed a troll
   701 | D        | Reached skill level 10 in Axes
   719 | D        | Killed a shadow wraith
   720 | D        | Reached skill level 11 in Axes
   840 | D        | Noticed a komodo dragon
   840 | D        | Noticed a nagaraja
   850 | D        | Killed a nagaraja
   851 | D        | Reached skill level 13 in Axes
   851 | D        | Reached skill level 1 in Stealth
   851 | D        | Reached XP level 9. HP: 79/90 MP: 8/8
   851 | D        | Killed a komodo dragon
   851 | D        | Received a gift from Trog
  1074 | D        | Reached skill level 14 in Axes
  1077 | D        | Reached XP level 10. HP: 100/100 MP: 9/9
  1079 | D        | Reached ****** piety under Trog
  1086 | D        | Reached skill level 15 in Axes
  1142 | D        | Received a gift from Trog
  1249 | D        | Noticed a boulder beetle
  1259 | D        | Killed a boulder beetle
  1316 | D        | Noticed a pearl dragon
  1324 | D        | Killed a pearl dragon
  1325 | D        | Reached skill level 16 in Axes
  1325 | D        | Reached skill level 15 in Armour
  1325 | D        | Reached XP level 11. HP: 111/111 MP: 10/10
  1419 | D        | Noticed a merfolk avatar
  1424 | D        | Reached skill level 17 in Axes
  1433 | D        | Killed a merfolk avatar
  1433 | D        | Received a gift from Trog
  1434 | D        | Reached skill level 15 in Shields
  1439 | D        | Got a translucent broad axe {god gift}
  1440 | D        | Identified the +4 broad axe of the Dwarven Hall {flame,
                  | +Rage rC- rN++ Dex+3} (Trog gifted it to you in the
                  | Dungeon)
  1563 | D        | Received a gift from Trog
  1564 | D        | Reached skill level 15 in Fighting
  1616 | D        | Received a gift from Trog
  1617 | D        | Reached skill level 5 in Dodging
  1617 | D        | Found the +8 mithril axe "Arga" {speed, Will+}
  1779 | D        | Noticed a lindwurm
  1783 | D        | Killed a lindwurm
  1784 | D        | Reached skill level 18 in Axes
  1785 | D        | Received a gift from Trog
  1789 | D        | Noticed Maurice
  1801 | D        | Killed Maurice
  1823 | D        | Noticed a phantasmal warrior
  1824 | D        | Noticed an eidolon
  1830 | D        | Killed an eidolon
  1831 | D        | Killed a phantasmal warrior
  1854 | D        | Received a gift from Trog
  1907 | D        | Received a gift from Trog
  1908 | D        | Reached skill level 19 in Axes
  1913 | D        | Received a gift from Trog
  2174 | D        | Noticed a death cob
  2174 | D        | Noticed an eight-headed hydra
  2174 | D        | Noticed a storm dragon
  2174 | D        | Noticed a white draconian knight
  2174 | D        | Noticed a six-headed hydra
  2174 | D        | Noticed Donald
  2187 | D        | Killed a death cob
  2188 | D        | Reached XP level 12. HP: 101/124 MP: 0/11
  2190 | D        | Killed a six-headed hydra
  2191 | D        | Killed a lorocyproca
  2192 | D        | Reached skill level 20 in Axes
  2193 | D        | Killed a storm dragon
  2193 | D        | Received a gift from Trog
  2193 | D        | HP: 9/186 [something (15)]
  2194 | D        | Demolished by Donald

Illustrated notes

Levels and vault maps discovered:
D:        pitsprint [storerooms_1, entrance_room_1, metal_vault_1, armoury_1,
          mini_pit_1, grid_room_1, main_hall_1, silver_pit, the_coven_3,
          the_vestibule_1, steel_vault_4, golden_pit, hallway_of_sentries,
          crystal_vault_1, iron_vault_4, final_vault]

Skill      XL: |  1  2  3  4  5  6  7  8  9 10 11 12 |
---------------+-------------------------------------+-----
Fighting       | 4 5 6 8 9 10 12 14 16 17 | 17.3
Armour         | 4 5 7 9 10 11 13 15 16 | 16.4
Shields        | 4 5 7 9 10 11 13 14 17 | 17.8
Axes           | 3 4 5 6 9 13 14 16 19 20 | 20.3
Dodging        | 1 2 3 4 6 |  6.7
Stealth        | 1 2 |  2.9

Action                   |  1- 3 |  4- 6 |  7- 9 | 10-12 || total
-------------------------+-------+-------+-------+-------++-------
Melee: Hand axe          |    17 |    36 |    16 |    43 ||   112
       War axe           |     2 |       |    22 |       ||    24
       Headbutt          |     3 |     4 |     8 |    28 ||    43
       Broad axe         |       |       |       |    77 ||    77
Invok: Berserk           |     1 |     1 |     4 |     5 ||    11
  Use: Potion            |       |       |     1 |       ||     1
Armor: Scale mail        |    11 |     1 |       |       ||    12
       Chain mail        |       |    12 |    14 |    43 ||    69
Dodge: Dodged            |     7 |    11 |     4 |    46 ||    68
Block: Kite shield       |    11 |    13 |    20 |    76 ||   120

Table legend: (Time is in decaauts)
 A = Elapsed time spent in this place.
 B = Non-inter-level travel time spent in this place.
 C = Inter-level travel time spent in this place.
 D = Time resting spent in this place.
 E = Time spent auto-exploring this place.
 F = Levels seen in this place.
 G = Mean time per level.
                   A        B        C        D        E       F      G
               +--------+--------+--------+--------+--------+-----+--------+
         Total |   2259 |   2259 |      0 |   1223 |     92 |   1 | 2259.0 |
       Dungeon |   2259 |   2259 |      0 |   1223 |     92 |   1 | 2259.0 |
               +--------+--------+--------+--------+--------+-----+--------+

Top non-repeatable levels by time:
       D: 2259 daAuts
